Map: Romanticide LE

Players

Xyrox

  • Race: Zerg Zerg
  • League: Gold
  • Spawn Location: 5:00

HansJohannes - Winner!

  • Race: Protoss Protoss
  • Spawn Location: 11:00

VOD

Have the link to the VOD?

Description

Time

  • Played on: Oct. 23, 2020, 1:47 p.m.
  • Length: 10:05
Show
View Real Time Build Order
Export as new Build Order

Xyrox Zerg 

Build Orders: Hatch First 

Get SALT Encoding   

  12  0:01  Drone  
  13  0:13  Overlord  
  13  0:17  Drone  
  14  0:32  Drone  
  14  0:33  Drone  
  16  0:53  Drone  
  16  0:55  Hatchery  
  16  0:57  Drone  
  17  1:09  Extractor  
  16  1:13  Spawning Pool  
  15  1:23  Drone x3  
  18  1:37  Drone  
  19  1:46  Overlord  
  19  1:58  Drone  
  20  2:02  Queen  
  20  2:07  Queen  
  24  2:10  Zergling x2  
  24  2:11  Zergling x2  
  26  2:22  Drone x2  
  28  2:26  Metabolic Boost  
  28  2:41  Hatchery  
  27  2:46  Queen  
  29  2:54  Queen  
  31  3:00  Overlord  
  31  3:05  Overlord  
  31  3:12  Drone x2  
  33  3:17  Drone x2  
  35  3:27  Drone x3  
  35  3:34  Drone x2  
  40  3:36  Drone  
  41  3:46  Drone  
  42  3:51  Roach Warren  
  41  3:55  Drone  
  41  3:56  Drone x3  
  45  4:07  Drone  
  45  4:08  Drone x5  
  51  4:18  Extractor  
  51  4:20  Extractor  
  49  4:29  Drone x8  
  49  4:30  Drone  
  58  4:45  Overlord x4  
  58  4:49  Evolution Chamber  
  57  4:55  Spore Crawler  
  56  5:06  Roach, Spore Crawler  
  67  5:07  Roach x6  
  69  5:17  Drone x7  
  76  5:24  Drone x2  
  76  5:25  Drone  
  76  5:27  Lair  
  79  5:29  Zerg Missile Weapons Level 1  
  79  5:44  Roach x5  
  79  5:47  Overlord  
  79  5:48  Overlord  
  86  6:20  Spore Crawler  
  86  6:23  Spore Crawler  
  84  6:27  Drone x2, Overlord  
  84  6:28  Drone x9, Spore Crawler  
  94  6:33  Queen  
  96  6:46  Spire  
  95  6:51  Hydralisk Den  
  94  6:54  Glial Reconstitution  
  94  6:58  Drone x8, Infestation Pit  
  94  7:01  Extractor  
  100  7:03  Extractor, Overlord x3  
  100  7:04  Overlord  
  99  7:19  Overlord x3  
  99  7:21  Overseer, Hatchery  
  98  7:25  Roach x3  
  104  7:38  Hydralisk x3  
  110  7:45  Burrow  
  110  7:50  Overseer  
  110  7:51  Hydralisk x3  
  116  8:02  Spore Crawler  
  116  8:04  Corruptor x3  
  119  8:10  Corruptor  
  115  8:15  Hydralisk  
  115  8:19  Hydralisk  
  112  8:26  Hydralisk  
  108  8:27  Hydralisk  
  109  8:39  Corruptor  
  109  8:45  Hydralisk  
  109  8:46  Hydralisk  
  109  8:56  Hydralisk x2  
  109  9:02  Hydralisk  
  103  9:12  Hydralisk x2  
  99  9:19  Pneumatized Carapace  
  83  9:42  Overseer  
Show
View Real Time Build Order
Export as new Build Order

HansJohannes Protoss - Winner!

Build Orders: 1 Gate Expand 

Get SALT Encoding   

  12  0:10  Pylon  
  12  0:13  Probe (Chrono Boost)  
  13  0:23  Probe (Chrono Boost)  
  13  0:28  Probe (Chrono Boost)  
  15  0:36  Gateway  
  15  0:40  Probe  
  16  0:52  Probe  
  17  1:17  Nexus  
  17  1:23  Pylon  
  17  1:28  Zealot  
  19  1:39  Cybernetics Core  
  19  1:45  Pylon  
  19  1:49  Assimilator  
  19  1:55  Assimilator  
  19  1:59  Zealot  
  21  2:09  Forge  
  21  2:17  Probe (Chrono Boost)  
  22  2:29  Probe (Chrono Boost)  
  24  2:37  Probe (Chrono Boost)  
  24  2:43  Probe  
  24  2:46  Probe  
  26  2:55  Probe (Chrono Boost)  
  26  2:57  Stargate, Photon Cannon  
  28  3:07  Probe (Chrono Boost)  
  29  3:13  Probe (Chrono Boost)  
  29  3:17  Assimilator  
  29  3:23  Probe  
  30  3:29  Pylon  
  30  3:36  Probe (Chrono Boost)  
  32  3:41  Probe (Chrono Boost)  
  32  3:47  Probe (Chrono Boost), Void Ray (Chrono Boost)  
  32  3:48  Assimilator  
  33  3:52  Probe x2 (Chrono Boost)  
  35  4:01  Probe  
  40  4:11  Probe, Photon Cannon  
  40  4:13  Photon Cannon  
  41  4:20  Stargate  
  41  4:23  Probe  
  42  4:33  Fleet Beacon  
  42  4:35  Probe  
  43  4:47  Shield Battery  
  43  4:48  Probe  
  44  4:53  Void Ray  
  44  4:56  Shield Battery  
  48  5:00  Probe (Chrono Boost)  
  49  5:11  Probe (Chrono Boost)  
  50  5:16  Probe (Chrono Boost)  
  51  5:22  Carrier  
  51  5:26  Probe  
  58  5:38  Probe  
  58  5:41  Photon Cannon  
  59  5:43  Photon Cannon  
  59  5:46  Shield Battery  
  59  5:50  Probe  
  60  6:02  Probe  
  61  6:40  Nexus  
  61  6:45  Photon Cannon  
  61  6:48  Pylon  
  61  6:49  Pylon x2  
  61  6:50  Pylon  
  61  6:52  Shield Battery  
  61  7:09  Mothership  
  61  7:12  Carrier x2  
  81  7:22  Protoss Shields Level 1  
  81  7:35  Protoss Air Weapons Level 1  
  81  7:39  Assimilator  
  81  7:42  Assimilator  
  81  7:43  Pylon  
  81  7:45  Pylon  
  81  7:49  Pylon  
  81  7:52  Pylon  
  77  8:32  Carrier (Chrono Boost)  
  77  8:33  Carrier (Chrono Boost)  
Tags
 
Add a new tag
Caveats
  • Supply blocks, unpowered buildings, or Contaminate may cause inaccurate times.
  • Supply counts are checked every 10 seconds.